 Dungeon Crawl Stone Soup version 0.24.0-125-gc4c63601f3 (webtiles) character file.

Game seed: 4896143318966466427, levelgen mode: deterministic

51023 shadizar the Fighter (level 14, 0/133 HPs)
             Began as a Minotaur Fighter on Mar 14, 2020.
             Was a High Priest of Okawaru.
             Killed by divine providence
             ... invoked by an orc priest
              (17 damage)
             ... on level 12 of the Dungeon.
             The game lasted 00:38:20 (19084 turns).

shadizar the Fighter (Minotaur Fighter)            Turns: 19084, Time: 00:38:21

Health: 0/133      AC: 25    Str: 30    XL:     14   Next: 21%
Magic:  27/30      EV: 15    Int: 14    God:    Okawaru [*****.]
Gold:   1190       SH:  0    Dex: 10    Spells: 13/13 levels left

rFire    . . .     SeeInvis .   L - +1 battleaxe (venom)
rCold    + . .     Gourm    +   (shield currently unavailable)
rNeg     + . .     Faith    .   r - +2 chain mail {rC+}
rPois    .         Spirit   .   G - +3 hat of Pondering {ponderous, MR+ MP+10 Int+5}
rElec    .         Reflect  .   Y - +1 cloak
rCorr    .         Harm     .   o - +0 pair of gloves
MR       +++..                  n - +1 pair of boots
Stlth    ..........             F - amulet of the gourmand
HPRegen  0.32/turn              U - ring of Biniy {*Drain +Blink MR+ Str+4 Int+4}
MPRegen  0.22/turn              Z - ring of positive energy

@: lethally poisoned (0 -> -33), heroism, finesse, slowed, heavily drained, very
slow
A: retaliatory headbutt, horns 2
a: Heroism, Finesse, Renounce Religion, Evoke Blink


You were on level 12 of the Dungeon.
You worshipped Okawaru.
Okawaru was extremely pleased with you.
You were completely stuffed.

You visited 3 branches of the dungeon, and saw 19 of its levels.
You visited the Abyss 1 time.
You also visited: Ossuary.

You collected 1190 gold pieces.

Inventory:

Hand Weapons
 b - the +7 dagger "Earthworm" {flame, *Noise +Rage Dex+3, unknown}
   (You found it on level 1 of the Lair of Beasts)

   It has been specially enchanted to burn those struck by it, causing extra
   injury to most foes and up to half again as much damage against particularly
   susceptible opponents.
   It affects your dexterity (+3).
   It lets you go berserk.
   It may make noises in combat.
 L - a +1 battleaxe of venom (weapon)
 N - the +2 scimitar "Dragon's Tongue" {venom, +Fly rElec rN+ MR-}
   (You found it on level 9 of the Dungeon)

   It poisons the flesh of those it strikes.
   It insulates you from electricity.
   It protects you from negative energy.
   It affects your resistance to hostile enchantments.
   It lets you fly.
 O - a +0 morningstar
 S - a +0 broad axe of flaming
Missiles
 j - 7 javelins
 E - 13 boomerangs (quivered)
Armour
 h - the +3 hat "Hev Voorgh" {+Fly rF- rN++ MR+}
   (You acquired it on level 3 of the Lair of Beasts)

   It makes you vulnerable to fire.
   It greatly protects you from negative energy.
   It affects your resistance to hostile enchantments.
   It lets you fly.
 n - a +1 pair of boots (worn)
 o - a +0 pair of gloves (worn)
 r - a +2 chain mail of cold resistance (worn)
 A - the +0 robe of Distant Worlds {rF++ Str+5}
   (You found it on level 5 of the Dungeon)

   It affects your strength (+5).
   It greatly protects you from fire.
 B - the +1 leather armour of Sloth {rPois}
   (You found it on level 6 of the Dungeon)

   It protects you from poison.
 G - the +3 hat of Pondering (worn) {ponderous, MR+ MP+10 Int+5}
   (You took it off Gastronok on level 2 of the Lair of Beasts)

   It affects your intelligence (+5).
   It affects your resistance to hostile enchantments.
   It affects your magic capacity (+10).
 I - a +0 large shield
 Y - a +1 cloak (worn)
Jewellery
 k - an uncursed ring of wizardry {unknown}
 s - an uncursed ring of fire
 u - an uncursed ring of protection from magic
 D - an uncursed ring of ice
 F - an amulet of the gourmand (around neck)
 U - the ring of Biniy (left hand) {*Drain +Blink MR+ Str+4 Int+4}
   (You found it on level 6 of the Dungeon)

   [ring of strength]

   It affects your strength (+4).
   It affects your intelligence (+4).
   It affects your resistance to hostile enchantments.
   It lets you blink.
   It causes draining when unequipped.
 W - an uncursed ring of ice
 Z - a ring of positive energy (right hand)
Wands
 a - a wand of enslavement (9)
 q - a wand of flame (19)
 z - a wand of iceblast (6)
 M - a wand of digging (5)
 P - a wand of acid (19)
Scrolls
 e - 2 scrolls of enchant weapon
 g - 4 scrolls of identify
 p - 10 scrolls of remove curse
 t - a scroll of enchant armour
 v - a scroll of fog
 C - 5 scrolls of magic mapping
 H - 5 scrolls of teleportation
Potions
 d - 2 potions of might
 i - 5 potions of curing
 l - 3 potions of ambrosia
 x - 3 potions of haste
 J - a potion of invisibility
 K - 3 potions of flight
 V - a potion of agility
Miscellaneous
 Q - a lamp of fire
Comestibles
 f - 33 rations


   Skills:
 + Level 14.9(17.8) Fighting
 + Level 13.2(16.1) Axes
 + Level 12.9(15.8) Armour
 + Level 11.5(14.5) Dodging
 - Level 7.2(10.4) Shields
 + Level 10.1(8.4) Invocations


You had 13 spell levels left.
You didn't know any spells.
Your spell library contained the following spells:

 Spells                   Type           Power        Failure   Level  Hunger
 Beastly Appendage        Tmut           #.....       65%         1    ##.....
 Confusing Touch          Hex            #.....       65%         1    ##.....
 Magic Dart               Conj           #...         65%         1    ##.....
 Shock                    Conj/Air       #...         65%         1    ##.....
 Blink                    Tloc           N/A          80%         2    ###....
 Call Imp                 Summ           #.......     80%         2    ###....
 Corpse Rot               Necr           N/A          80%         2    ###....
 Passwall                 Tmut/Erth      #.......     80%         2    ###....
 Slow                     Hex            #.......     80%         2    ###....
 Sublimation of Blood     Necr           #.........   80%         2    ###....
 Swiftness                Chrm/Air       #.......     80%         2    ###....
 Confuse                  Hex            #.......     95%         3    ####...
 Conjure Flame            Conj/Fire      #.......     95%         3    ####...
 Gell's Gravitas          Tloc           #.........   95%         3    ####...
 Mephitic Cloud           Conj/Pois/Air  #.......     95%         3    ####...
 Static Discharge         Conj/Air       #.......     95%         3    ####...
 Airstrike                Air            #.........   100%        4    #####..
 Petrify                  Tmut/Erth      #.......     100%        4    #####..
 Agony                    Necr           #.......     100%        5    ######.
 Bolt of Draining         Conj/Necr      #.........   100%        5    ######.
 Dispel Undead            Necr           #.......     100%        5    ######.
 Excruciating Wounds      Chrm/Necr      #.........   100%        5    ######.
 Lightning Bolt           Conj/Air       #.........   100%        5    ######.
 Metabolic Englaciation   Hex/Ice        #.........   100%        5    ######.
 Yara's Violent Unravell  Hex/Tmut       #.........   100%        5    ######.
 Tornado                  Air            #.........   100%        9    #######


Dungeon Overview and Level Annotations

Branches:
Dungeon (12/15)            Temple (1/1) D:6            Lair (6/6) D:10
 Shoals (0/4) Lair:4        Snake (0/4) Lair:4        Slime (0/5) Lair:6
    Orc (0/2) D:11        Ossuary (visited)

Altars:
Ashenzari
Cheibriados
Dithmenos
Elyvilon
Fedhas
Gozag
Hepliaklqana
Kikubaaqudgha
Makhleb
Nemelex Xobeh
Okawaru
Qazlal
Ru
Sif Muna
Trog
Uskayaw
Vehumet
Wu Jian
Xom
Yredelemnul
Zin
The Shining One
Jiyva

Shops:
D:6 *   D:11 (

Annotations:
D:5 2 runed translucent doors, jazmu's ghost, novice FoFi
D:8 3 runed translucent doors, terrence's ghost, novice KoCj
D:10 1 runed translucent door, playitleo's ghost, journeyman GrFi
D:12 Sonja
Lair:5 exclusion: 2 oklob plants


Innate Abilities, Weirdness & Mutations

You reflexively headbutt those who attack you in melee.
You have a pair of horns on your head.


Message History

Something hits you but does no damage.
Sonja throws a curare-tipped dart.
The curare-tipped dart hits you.
You are lethally poisoned!
You have difficulty breathing.
* * * LOW HITPOINT WARNING * * *
You feel as though you will be slow longer.
The orc priest looks braver for a moment.
The orc priest looks satisfied for a moment.
You see here 7 curare-tipped darts.
Unknown command.
* * * LOW HITPOINT WARNING * * *
You feel very sick.
There is an open door here.
Unknown command.
* * * LOW HITPOINT WARNING * * *
You feel very sick.
The orc warrior hits you but does no damage.
The orc priest invokes the aid of Beogh against you.
Beogh smites you!
You die...

....... #.....# #####
##....o## ....# #.
#.....K.#.. ....# #.
#......o'.. ....# ..
#.{(....# ....# #.
##K##..## ....#
##+##.####o# .#
....#...........@.# ..
)...#.............# ..
....#...).........# ..
##..##...##..##...# .
##..##...#######'###...
#..................(....
#.......................
#....>....†.............
##...##..###......#.....


You could see Sonja, an orc warrior and an orc priest.

Vanquished Creatures
  Gastronok (Lair:2)
  Nessos (Lair:5)
  Snorg (Lair:5)
  Josephine (D:10)
  4 hydras
  4 catoblepae
  9 death yaks (Lair:6)
  Nergalle (Lair:3)
  An unseen horror (D:11)
  2 lindwurms
  A deep elf mage (D:12)
  2 manticores (Lair:6)
  9 elephants
  3 black mambas
  Maurice (D:11)
  A merfolk siren (Lair:4)
  A torpor snail (Lair:3)
  10 spiny frogs
  A gargoyle (D:10)
  3 rime drakes
  8 komodo dragons
  A troll (D:10)
  A tengu conjurer (D:10)
  4 blink frogs
  A slime creature (Lair:6)
  3 hippogriffs
  50 yaks
  7 wraiths
  2 hungry ghosts
  7 soldier ants (D:6)
  18 water moccasins
  8 porcupines
  A hornet zombie (D:10)
  6 orc warriors
  5 sky beasts
  2 phantoms
  A necrophage (D:10)
  2 black bears
  5 centaurs
  6 wolves
  3 ogres
  13 crocodiles
  14 bullfrogs
  A gnoll sergeant (D:8)
  An elf skeleton (D:7)
  A wyvern skeleton (D:7)
  11 scorpions
  19 killer bees
  5 howler monkeys
  4 crimson imps
  3 centaur zombies (Ossuary)
  4 orc priests
  10 orc wizards
  4 hounds
  3 jellies
  8 human zombies
  3 centaur skeletons
  A human skeleton (D:7)
  An iguana (D:6)
  13 worker ants
  A killer bee zombie (D:10)
  3 big kobold zombies (Ossuary)
  An ogre zombie (D:7)
  A hound zombie (D:11)
  4 hound skeletons
  6 mummies
  7 gnolls
  4 scorpion zombies (Ossuary)
  9 adders
  4 shadow imps
  An ooze (D:1)
  An adder skeleton (D:9)
  4 worms
  3 dart slugs
  4 leopard geckos
  38 orcs
  8 bats
  4 giant cockroaches
  3 gnoll zombies (Ossuary)
  7 goblins
  8 hobgoblins
  9 jackals
  4 kobolds
  5 quokkas
  2 ball pythons
  2 frilled lizards
  2 goblin zombies (Ossuary)
  3 hobgoblin zombies (Ossuary)
  A kobold zombie (Ossuary)
  An orc zombie (Ossuary)
  A quokka skeleton (D:7)
  7 rats
  2 bushes (Lair:2)
  32 plants
509 creatures vanquished.

Vanquished Creatures (others)
  A scorpion (Ossuary)
  2 fungi
  9 plants
12 creatures vanquished.

Grand Total: 521 creatures vanquished

Notes
Turn   | Place    | Note
-------+----------+-------------------------------------------
     0 | D:1      | shadizar the Minotaur Fighter began the quest for the Orb.
     0 | D:1      | Reached XP level 1. HP: 19/19 MP: 0/0
    80 | D:1      | Reached skill level 4 in Fighting
   111 | D:1      | Reached XP level 2. HP: 23/27 MP: 1/1
   323 | D:1      | Reached XP level 3. HP: 33/34 MP: 2/2
   618 | D:2      | Reached skill level 5 in Fighting
  1025 | D:2      | Reached XP level 4. HP: 42/42 MP: 3/3
  1531 | D:3      | Found a stormy altar of Qazlal.
  1814 | D:4      | Reached skill level 6 in Fighting
  2028 | D:4      | Reached XP level 5. HP: 50/50 MP: 4/4
  2075 | D:4      | Reached skill level 7 in Fighting
  2075 | D:4      | Reached XP level 6. HP: 43/60 MP: 5/5
  2365 | D:4      | Reached skill level 5 in Axes
  2941 | D:5      | Entered Level 5 of the Dungeon
  3125 | D:5      | Found a shadowy altar of Dithmenos.
  3130 | D:5      | Found a burning altar of Makhleb.
  3291 | D:5      | Found a radiant altar of Vehumet.
  3460 | D:5      | Found a large runed translucent door.
  3465 | D:5      | Got a sheer robe
  3466 | D:5      | Found a large runed translucent door.
  3467 | D:5      | Noticed jazmu's ghost (novice FoFi)
  3518 | D:5      | Found a glowing golden altar of the Shining One.
  3518 | D:5      | Found a glowing silver altar of Zin.
  3520 | D:5      | Found a white marble altar of Elyvilon.
  3666 | D:6      | Reached skill level 1 in Dodging
  3666 | D:6      | Reached XP level 7. HP: 67/67 MP: 6/6
  3686 | D:6      | Found the +9 staff of Olgreb {rPois}
  3694 | D:6      | Found a runed translucent gate.
  3698 | D:6      | Found a runed translucent gate.
  3699 | D:6      | Found a runed translucent door.
  3712 | D:6      | Found a runed translucent gate.
  3720 | D:6      | Found a runed translucent door.
  3797 | D:6      | Found Velym's General Store.
  3815 | D:6      | Reached skill level 8 in Fighting
  3880 | D:6      | Found a staircase to the Ecumenical Temple.
  3935 | D:6      | Got an encrusted leather armour
  3976 | Temple   | Entered the Ecumenical Temple
  4102 | Temple   | Became a worshipper of Warmaster Okawaru
  4536 | D:7      | Reached XP level 8. HP: 69/75 MP: 7/7
  4755 | D:7      | Reached skill level 9 in Fighting
  4827 | D:7      | Reached skill level 5 in Armour
  4827 | D:7      | Reached skill level 5 in Shields
  5081 | D:7      | Reached * piety under Okawaru
  5196 | D:7      | Found a basalt altar of Yredelemnul.
  5218 | D:7      | Reached skill level 1 in Invocations
  5449 | D:8      | Reached XP level 9. HP: 84/85 MP: 9/9
  5454 | D:8      | Reached skill level 10 in Fighting
  5524 | D:7      | HP: 2/85 [killer bee (4)]
  5739 | D:8      | Found a runed translucent gate.
  5739 | D:8      | Found a runed translucent gate.
  5739 | D:8      | Found a runed translucent gate.
  5804 | D:8      | Reached ** piety under Okawaru
  5827 | D:8      | Found a sand-covered staircase.
  5832 | Ossuary  | Entered an ossuary
  6452 | D:8      | Reached skill level 11 in Fighting
  6452 | D:8      | Reached skill level 5 in Dodging
  6506 | D:8      | Reached *** piety under Okawaru
  6606 | D:8      | Reached XP level 10. HP: 57/95 MP: 8/11
  6953 | D:8      | Identified the Tome of Shape Shifting and Air
  6975 | D:8      | Noticed a six-headed hydra
  6977 | D:8      | Noticed terrence's ghost (novice KoCj)
  7582 | D:9      | Got a steaming scimitar
  7714 | D:9      | Identified the +2 scimitar "Dragon's Tongue" {venom, +Fly
                  | rElec rN+ MR-} (You found it on level 9 of the Dungeon)
  7725 | D:9      | Identified the +1 leather armour of Sloth {rPois} (You
                  | found it on level 6 of the Dungeon)
  7735 | D:9      | Identified the +0 robe of Distant Worlds {rF++ Str+5} (You
                  | found it on level 5 of the Dungeon)
  7978 | D:10     | Entered Level 10 of the Dungeon
  7978 | D:10     | Noticed a gargoyle
  7984 | D:10     | Killed a gargoyle
  7987 | D:10     | Received a gift from Okawaru
  8256 | D:10     | Found a staircase to the Lair.
  8306 | D:10     | Found a runed translucent door.
  8306 | D:10     | Noticed playitleo's ghost (journeyman GrFi)
  8534 | D:10     | Reached **** piety under Okawaru
  8664 | D:10     | Noticed Josephine
  8676 | D:10     | Reached skill level 5 in Invocations
  8687 | D:10     | Killed Josephine
  8687 | D:10     | Reached ***** piety under Okawaru
  8705 | D:10     | Reached XP level 11. HP: 26/104 MP: 10/14
  9512 | Lair:1   | Entered Level 1 of the Lair of Beasts
  9517 | Lair:1   | Reached skill level 12 in Fighting
  9579 | Lair:1   | Received a gift from Okawaru
  9991 | Lair:1   | Got a bloodstained dagger
 10452 | Lair:2   | Found a basalt altar of Yredelemnul.
 10555 | Lair:2   | Noticed a catoblepas
 10566 | Lair:2   | Killed a catoblepas
 10566 | Lair:2   | Reached skill level 10 in Axes
 10888 | Lair:2   | Noticed a four-headed hydra
 10893 | Lair:2   | Killed a seven-headed hydra
 11279 | Lair:2   | Noticed Gastronok
 11290 | Lair:2   | Killed Gastronok
 11290 | Lair:2   | Reached skill level 10 in Armour
 11655 | Lair:3   | Noticed Nergalle
 11669 | Lair:3   | Killed Nergalle
 11669 | Lair:3   | Reached XP level 12. HP: 111/113 MP: 16/16
 11796 | Lair:3   | Reached skill level 13 in Fighting
 11805 | Lair:3   | Received a gift from Okawaru
 13020 | Lair:3   | Identified a scroll of acquirement
 13023 | Lair:3   | Got a faintly glowing hat
 13058 | Lair:3   | Identified the +3 hat "Hev Voorgh" {+Fly rF- rN++ MR+} (You
                  | acquired it on level 3 of the Lair of Beasts)
 13448 | Lair:4   | Found a staircase to the Shoals.
 13679 | Lair:4   | Found a staircase to the Snake Pit.
 13991 | Lair:5   | Noticed Snorg
 14011 | Lair:5   | Killed Snorg
 14011 | Lair:5   | Received a gift from Okawaru
 14460 | Lair:5   | Noticed a four-headed hydra
 14466 | Lair:5   | Killed a seven-headed hydra
 14466 | Lair:5   | Reached XP level 13. HP: 110/123 MP: 18/18
 14487 | Lair:5   | Received a gift from Okawaru
 14487 | Lair:5   | Reached skill level 10 in Dodging
 14645 | Lair:5   | Reached skill level 14 in Fighting
 14969 | Lair:5   | Noticed Nessos
 14989 | Lair:5   | Killed Nessos
 15654 | Lair:6   | Entered Level 6 of the Lair of Beasts
 15725 | Lair:6   | Found a runed translucent door.
 15725 | Lair:6   | Found a viscous altar of Jiyva.
 15741 | Lair:6   | Found a staircase to the Slime Pits.
 15797 | Lair:6   | Reached ****** piety under Okawaru
 16141 | Lair:6   | Received a gift from Okawaru
 16952 | Lair:6   | Reached XP level 14. HP: 100/133 MP: 20/20
 17130 | Lair:6   | Found the +6 Majin-Bo {vamp, Archmagi MP+6 Int+6}
 17920 | D:6      | Received a gift from Okawaru
 17923 | D:6      | Reached skill level 10 in Invocations
 18004 | D:6      | Got a warped lapis lazuli ring
 18402 | D:11     | Found a staircase to the Orcish Mines.
 18591 | D:11     | Noticed Maurice
 18597 | D:11     | Killed Maurice
 18688 | D:11     | Identified the ring of Biniy {*Drain +Blink MR+ Str+4
                  | Int+4} (You found it on level 6 of the Dungeon)
 18834 | D:11     | Found Ucwiz's Antique Weapon Shoppe.
 19056 | D:12     | Noticed Sonja
 19061 | D:12     | Cast into level 2 of the Abyss (Sonja)
 19078 | D:12     | Escaped the Abyss
 19084 | D:12     | Killed from afar by an orc priest

Levels and vault maps discovered:
D:1:      minmay_arrival_floating_metal, layout_rooms,
          hangedman_abyss_or_decor_stabs, chequers_serial_rivers_micro_c
D:2:      layout_basic, hangedman_decor_lopped
D:3:      layout_loops_cross, nicolae_qazlal_eye_of_the_storm
D:4:      layout_basic, first_ration, minmay_bent
D:5:      layout_gridville, good_gods_mini_temple, lemuel_doored_altar,
          grunt_temple_overflow_open, ebering_ghost_disaster_area
D:6:      layout_basic, minmay_temple_entry_glass, serial_shops, shop,
          minmay_guarded_unrand_staff_of_olgreb
D:7:      layout_cave_pools, lemuel_mausoleum_altar_yredelemnul
D:8:      layout_loops_corners, enter_ossuary_2, gammafunk_ghost_split
D:9:      layout_irregular_city
D:10:     layout_roguey, dpeg_oklobed_lair, gammafunk_ghost_grave,
          grunt_tengu_nest, kennysheep_generic_room_6, uniq_josephine
D:11:     layout_loops_corners, orc_0_dummy, serial_shops, shop, uniq_maurice
D:12:     layout_gridville, minmay_hollow_rounded_squares, uniq_sonja
Temple:   regret_index_temple_generic_petals
Lair:1:   layout_long_grid, grunt_megastairs_4
Lair:2:   wad_woods_structure_01, layout_long_grid,
          chequers_serial_rivers_small_3, serial_bayou_pond_d,
          nicolae_quartered_pool_little, nicolae_lair_grove_arrangements,
          st_stairs_7, lemuel_centaur_altar, uniq_gastronok
Lair:3:   layout_cave_pods, beast_lair_carwin_3, grunt_megastairs_2,
          lemuel_fruit_tree, uniq_nergalle
Lair:4:   layout_long_grid, elwin_shoals_entry_rooms, bh_chokoban
Lair:5:   layout_regular_city, beast_lair_carwin_10, minmay_lair_oklob_chamber,
          uniq_snorg, uniq_nessos
Lair:6:   evilmike_catoblepas_cave, layout_gridlike, slime_altar_2,
          chequers_serial_rivers_micro_e

Skill      XL: |  1  2  3  4  5  6  7  8  9 10 11 12 13 14 |
---------------+-------------------------------------------+-----
Fighting       | 4 5 6 7 8 9 11 12 13 14 | 14.9
Axes           | 3 4 5 6 7 9 10 11 13 | 13.2
Armour         | 4 5 7 8 10 11 12 | 12.9
Dodging        | 1 2 3 5 6 8 9 11 | 11.5
Shields        | 4 5 6 7 |  7.2
Invocations    | 1 3 5 7 8 9 10 | 10.1

Action                   |  1- 3 |  4- 6 |  7- 9 | 10-12 | 13-15 || total
-------------------------+-------+-------+-------+-------+-------++-------
Melee: War axe           |    88 |   117 |   362 |    69 |       ||   636
       Headbutt          |    13 |    17 |    84 |   190 |    97 ||   401
       Battleaxe         |       |       |       |   539 |   362 ||   901
Invok: Heroism           |       |       |     6 |    13 |    10 ||    29
       Finesse           |       |       |       |     1 |     4 ||     5
  Use: Potion            |       |       |     7 |     5 |     1 ||    13
       Scroll            |       |       |       |    21 |     7 ||    28
  Eat: Chunk             |       |     9 |     3 |    45 |    19 ||    76
       Ration            |       |       |     2 |       |       ||     2
Armor: Scale mail        |    41 |    32 |       |       |       ||    73
       Chain mail        |       |    15 |   175 |    86 |   194 ||   470
       Plate armour      |       |       |       |   225 |       ||   225
Dodge: Dodged            |    28 |    27 |   107 |   337 |   202 ||   701
Block: Shield            |    42 |    52 |   199 |    37 |       ||   330
